IL
RENO ACES @ ALBUQUERQUE ISOTOPES
04/17/2048
 
TOP OF THE 1ST
Reno Aces batting - Pitching for Albuquerque Isotopes : RHP Adam McCurdy
Pitching: RHP Adam McCurdy
Batting: SHB Carlos Rodriguez 0-0: Ball
1-0: Ball
2-0: Ball
3-0: Called Strike
3-1: Base on Balls
Batting: LHB Kyle Beaulieu 0-0: Called Strike
0-1: Ball
1-1: Called Strike
1-2: Grounds into double play, 5-4-3 (Groundball, 5L, EV 82.5 MPH)
Batting: RHB Justin McQuarter 0-0: Ball
1-0: Ball
2-0: Ball
3-0: Called Strike
3-1: Called Strike
3-2: Strikes out swinging
Top of the 1st over - 0 runs, 0 hits, 0 errors, 0 left on base; Reno 0 - Albuquerque 0
BOTTOM OF THE 1ST
Albuquerque Isotopes batting - Pitching for Reno Aces : RHP Takaaki Nakada
Pitching: RHP Takaaki Nakada
Batting: LHB Alfredo de la Cruz 0-0: Ball
1-0: Called Strike
1-1: Ball
2-1: Called Strike
2-2: Foul Ball, location: 2F
2-2: Ball
3-2: Base on Balls
Batting: RHB Sadataka Kuwahara 0-0: Reached on error, E6 (Groundball, 6, EV 106.2 MPH)
Alfredo de la Cruz to third
Batting: RHB Chris King 0-0: Called Strike
0-1: Called Strike
0-2: Ball
1-2: Foul Ball, location: 2F
1-2: Foul Ball, location: 2F
1-2: Ball
2-2: Foul Ball, location: 2F
2-2: Ball
3-2: Foul Ball, location: 2F
3-2: DOUBLE (Flyball, 8LD, EV 90.0 MPH)
Alfredo de la Cruz scores
Sadataka Kuwahara scores
Batting: SHB Jamel Wright 0-0: SINGLE (Groundball, 6MD, EV 96.2 MPH)
Chris King to third
Batting: RHB Eddie McCoy 0-0: Swinging Strike
0-1: Swinging Strike
0-2: Strikes out swinging
Batting: RHB Joe LaDue 0-0: Foul Ball, location: 2F
0-1: Ball
1-1: Swinging Strike
1-2: Ball
2-2: Strikes out swinging
Batting: LHB Pablo Cardona 0-0: Ball
1-0: Foul Ball, location: 2F
1-1: Foul Ball, location: 2F
1-2: Foul Ball, location: 2F
1-2: Ground out 4-3 (Groundball, 4, EV 101.9 MPH)
Bottom of the 1st over - 2 runs, 2 hits, 1 error, 2 left on base; Reno 0 - Albuquerque 2
TOP OF THE 2ND
Reno Aces batting - Pitching for Albuquerque Isotopes : RHP Adam McCurdy
Batting: LHB Jeff Densmore 0-0: Called Strike
0-1: Ball
1-1: Ball
2-1: Ground out 6-3 (Groundball, 6, EV 85.6 MPH)
Batting: RHB Marlon Reda 0-0: Ball
1-0: Ball
2-0: Ball
3-0: Called Strike
3-1: Foul Ball, location: 2F
3-2: Strikes out swinging
Batting: RHB Cesar Chavez 0-0: Foul Ball, location: 2F
0-1: Swinging Strike
0-2: Strikes out swinging
Top of the 2nd over - 0 runs, 0 hits, 0 errors, 0 left on base; Reno 0 - Albuquerque 2
BOTTOM OF THE 2ND
Albuquerque Isotopes batting - Pitching for Reno Aces : RHP Takaaki Nakada
Batting: RHB Mike Ball 0-0: Called Strike
0-1: SINGLE (Groundball, 56D, EV 105.6 MPH)
Batting: RHB Vinny Estrada 0-0: Fielders Choice at 2nd, 3-6 (Groundball, 3S, EV 80.0 MPH)
Batting: LHB Alfredo de la Cruz 0-0: Ball
1-0: Swinging Strike
1-1: Swinging Strike
1-2: Strikes out swinging
Batting: RHB Sadataka Kuwahara 0-0: Ball
Vinny Estrada steals 2nd base (no throw)
1-0: Ball
2-0: Ground out 4-3 (Groundball, 4, EV 85.0 MPH)
Bottom of the 2nd over - 0 runs, 1 hit, 0 errors, 1 left on base; Reno 0 - Albuquerque 2
TOP OF THE 3RD
Reno Aces batting - Pitching for Albuquerque Isotopes : RHP Adam McCurdy
Batting: RHB Edgar Garcia 0-0: Ball
1-0: Foul Ball, location: 2F
1-1: Foul Ball, location: 2F
1-2: Foul Ball, location: 2F
1-2: Ball
2-2: Ground out 2-3 (Groundball, 15S, EV 70.0 MPH)
Batting: RHB Roberto Rodriguez 0-0: Called Strike
0-1: Foul Ball, location: 2F
0-2: Strikes out swinging
Batting: RHB Jonathan Lugo 0-0: Ball
1-0: SINGLE (Groundball, 56D, EV 99.4 MPH)
Batting: SHB Carlos Rodriguez 0-0: Foul Ball, location: 2F
0-1: Foul Ball, location: 2F
0-2: Ball
Jonathan Lugo steals 2nd base
1-2: Ball
2-2: Foul Ball, location: 2F
2-2: Ball
3-2: Fly out, F9 (Line Drive, 9D, EV 108.8 MPH)
Top of the 3rd over - 0 runs, 1 hit, 0 errors, 1 left on base; Reno 0 - Albuquerque 2
BOTTOM OF THE 3RD
Albuquerque Isotopes batting - Pitching for Reno Aces : RHP Takaaki Nakada
Batting: RHB Chris King 0-0: Ball
1-0: Ball
2-0: Ground out 6-3 (Groundball, 6, EV 84.4 MPH)
Batting: SHB Jamel Wright 0-0: Ball
1-0: Ball
2-0: Ground out 5-3 (Groundball, 56S, EV 69.4 MPH)
Batting: RHB Eddie McCoy 0-0: Foul Ball, location: 2F
0-1: Ball
1-1: Ball
2-1: Ground out 6-3 (Groundball, 6S, EV 90.6 MPH)
Bottom of the 3rd over - 0 runs, 0 hits, 0 errors, 0 left on base; Reno 0 - Albuquerque 2
TOP OF THE 4TH
Reno Aces batting - Pitching for Albuquerque Isotopes : RHP Adam McCurdy
Batting: LHB Kyle Beaulieu 0-0: Ball
1-0: Foul Ball, location: 2F
1-1: Foul Ball, location: 2F
1-2: Strikes out looking
Batting: RHB Justin McQuarter 0-0: Swinging Strike
0-1: Ball
1-1: SINGLE (Groundball, 6D, EV 98.8 MPH)
Batting: LHB Jeff Densmore 0-0: Fielders Choice at 2nd, 4-6 (Groundball, 4, EV 82.5 MPH)
Batting: RHB Marlon Reda 0-0: Fielders Choice at 2nd, 6-4 (Groundball, 56, EV 81.2 MPH)
Top of the 4th over - 0 runs, 1 hit, 0 errors, 1 left on base; Reno 0 - Albuquerque 2
BOTTOM OF THE 4TH
Albuquerque Isotopes batting - Pitching for Reno Aces : RHP Takaaki Nakada
Batting: RHB Joe LaDue 0-0: Called Strike
0-1: Foul Ball, location: 2F
0-2: Foul Ball, location: 2F
0-2: Ball
1-2: Foul Ball, location: 2F
1-2: Strikes out swinging, 2-3 out at first.
Batting: LHB Pablo Cardona 0-0: Ground out U3 (Groundball, 3, EV 103.8 MPH)
Batting: RHB Mike Ball 0-0: Ball
1-0: Swinging Strike
1-1: SINGLE (Line Drive, 78M, EV 99.4 MPH)
Batting: RHB Vinny Estrada 0-0: Fielders Choice at 2nd, 5-4 (Groundball, 56, EV 83.8 MPH)
Bottom of the 4th over - 0 runs, 1 hit, 0 errors, 1 left on base; Reno 0 - Albuquerque 2
TOP OF THE 5TH
Reno Aces batting - Pitching for Albuquerque Isotopes : RHP Adam McCurdy
Batting: RHB Cesar Chavez 0-0: Ball
1-0: SINGLE (Groundball, 6, EV 94.4 MPH)
Batting: RHB Edgar Garcia 0-0: Ball
1-0: Hit by Pitch
Cesar Chavez to second
Batting: RHB Roberto Rodriguez 0-0: Ball
1-0: Ball
2-0: Ball
3-0: Base on Balls
Cesar Chavez to third
Edgar Garcia to second
Batting: RHB Jonathan Lugo 0-0: Ball
1-0: Foul Ball, location: 2F
1-1: SINGLE (Groundball, 34D, EV 99.4 MPH)
Cesar Chavez scores
Edgar Garcia to third
Roberto Rodriguez to second
Runner from 3rd tries for Home, SAFE, throw by RF to home
Batting: SHB Carlos Rodriguez 0-0: 3-RUN HOME RUN (Flyball, 89XD, EV 106.9 MPH), Distance : 420 ft
Pitching: RHP Jon Turman
Batting: LHB Kyle Beaulieu 0-0: Foul Ball, location: 2F
0-1: Called Strike
0-2: Ball
1-2: Ball
2-2: Strikes out looking
Batting: RHB Justin McQuarter 0-0: Ball
1-0: Fly out, F9 (Flyball, 9, EV 92.5 MPH)
Batting: LHB Jeff Densmore 0-0: Fly out, F7 (Flyball, 7D, EV 91.2 MPH)
Top of the 5th over - 5 runs, 3 hits, 0 errors, 0 left on base; Reno 5 - Albuquerque 2
BOTTOM OF THE 5TH
Albuquerque Isotopes batting - Pitching for Reno Aces : RHP Takaaki Nakada
Batting: LHB Alfredo de la Cruz 0-0: Called Strike
0-1: Ball
1-1: Foul Ball, location: 2F
1-2: Ground out 4-3 (Groundball, 34D, EV 94.4 MPH)
Batting: RHB Sadataka Kuwahara 0-0: Fly out, F9 (Line Drive, 9, EV 86.2 MPH)
Batting: RHB Chris King 0-0: Foul Ball, location: 2F
0-1: Ball
1-1: Foul Ball, location: 2F
1-2: Foul Ball, location: 2F
1-2: Foul Ball, location: 2F
1-2: Fly out, F9 (Flyball, 89S, EV 70.6 MPH)
Bottom of the 5th over - 0 runs, 0 hits, 0 errors, 0 left on base; Reno 5 - Albuquerque 2
TOP OF THE 6TH
Reno Aces batting - Pitching for Albuquerque Isotopes : RHP Jon Turman
Batting: RHB Marlon Reda 0-0: Ball
1-0: Ball
2-0: Called Strike
2-1: SINGLE (Flyball, 56D, EV 89.4 MPH)
Batting: RHB Cesar Chavez 0-0: DOUBLE (Line Drive, 78D, EV 105.6 MPH)
Marlon Reda to third
Batting: RHB Edgar Garcia 0-0: Ball
1-0: Called Strike
1-1: Hit by Pitch
Batting: RHB Roberto Rodriguez 0-0: Called Strike
0-1: Ball
1-1: Foul Ball, location: 2F
1-2: SINGLE (Groundball, 6S, EV 63.8 MPH) (infield hit)
Marlon Reda scores
Cesar Chavez to third
Edgar Garcia to second
Batting: RHB Jonathan Lugo 0-0: Foul Ball, location: 2F
0-1: Ball
1-1: Grounds into double play, 6-4-3 (Groundball, 6M, EV 107.5 MPH)
Cesar Chavez scores
Edgar Garcia to third
Batting: SHB Carlos Rodriguez 0-0: Called Strike
0-1: SINGLE (Groundball, 4M, EV 103.8 MPH) (infield hit)
Edgar Garcia scores
Batting: LHB Kyle Beaulieu 0-0: Called Strike
0-1: Called Strike
0-2: Strikes out looking
Top of the 6th over - 3 runs, 4 hits, 0 errors, 1 left on base; Reno 8 - Albuquerque 2
BOTTOM OF THE 6TH
Albuquerque Isotopes batting - Pitching for Reno Aces : RHP Takaaki Nakada
Batting: SHB Jamel Wright 0-0: Called Strike
0-1: Ball
1-1: Foul Ball, location: 2F
1-2: Foul Ball, location: 2F
1-2: Fly out, F7 (Flyball, 78M, EV 90.6 MPH)
Batting: RHB Eddie McCoy 0-0: Called Strike
0-1: Ball
1-1: Ball
2-1: Called Strike
2-2: Ground out U3 (Groundball, 3, EV 105.6 MPH)
Batting: RHB Joe LaDue 0-0: Ball
1-0: Foul Ball, location: 2F
1-1: SINGLE (Flyball, 56D, EV 91.9 MPH)
Batting: LHB Pablo Cardona 0-0: Ball
1-0: Called Strike
1-1: Swinging Strike
1-2: Ball
2-2: Ball
3-2: Strikes out swinging
Bottom of the 6th over - 0 runs, 1 hit, 0 errors, 1 left on base; Reno 8 - Albuquerque 2
TOP OF THE 7TH
Reno Aces batting - Pitching for Albuquerque Isotopes : RHP Jon Turman
Batting: RHB Justin McQuarter 0-0: Ball
1-0: Called Strike
1-1: Foul Ball, location: 2F
1-2: Foul Ball, location: 2F
1-2: Fly out, F8 (Flyball, 8LXD, EV 96.9 MPH)
Batting: LHB Jeff Densmore 0-0: Ball
1-0: Foul Ball, location: 2F
1-1: Foul Ball, location: 2F
1-2: SINGLE (Groundball, 25, EV 69.4 MPH) (infield hit)
Batting: RHB Marlon Reda 0-0: Ball
1-0: SINGLE (Groundball, 34S, EV 65.6 MPH) (infield hit)
Jeff Densmore to second
Pitching: RHP Niclas Boman
Batting: RHB Cesar Chavez 0-0: Swinging Strike
0-1: Foul Ball, location: 2F
0-2: Ball
1-2: Ball
2-2: Ball
3-2: Strikes out swinging
Batting: RHB Edgar Garcia 0-0: Foul Ball, location: 2F
0-1: Foul Ball, location: 2F
0-2: Foul Ball, location: 2F
0-2: Ball
1-2: Foul Ball, location: 2F
1-2: Strikes out swinging
Top of the 7th over - 0 runs, 2 hits, 0 errors, 2 left on base; Reno 8 - Albuquerque 2
BOTTOM OF THE 7TH
Albuquerque Isotopes batting - Pitching for Reno Aces : RHP Takaaki Nakada
Pitching: RHP Chad Toms
Batting: RHB Mike Ball 0-0: Called Strike
0-1: Ground out 6-3 (Groundball, 6, EV 94.4 MPH)
Batting: RHB Vinny Estrada 0-0: SINGLE (Flyball, 78S, EV 90.0 MPH)
Batting: LHB Alfredo de la Cruz 0-0: Swinging Strike
0-1: Grounds into double play, 4-6-3 (Groundball, 34S, EV 85.6 MPH)
Bottom of the 7th over - 0 runs, 1 hit, 0 errors, 0 left on base; Reno 8 - Albuquerque 2
TOP OF THE 8TH
Reno Aces batting - Pitching for Albuquerque Isotopes : RHP Niclas Boman
Batting: RHB Roberto Rodriguez 0-0: Ball
1-0: SOLO HOME RUN (Flyball, 7LD, EV 91.9 MPH), Distance : 353 ft
Batting: RHB Jonathan Lugo 0-0: Swinging Strike
0-1: Foul Ball, location: 2F
0-2: Strikes out looking
Pinch Hitting: RHB Danny Gerardo 0-0: Ball
1-0: Ground out 6-3 (Groundball, 6, EV 81.9 MPH)
Batting: LHB Kyle Beaulieu 0-0: Ball
1-0: DOUBLE (Line Drive, 7LD, EV 104.4 MPH)
Batting: RHB Justin McQuarter 0-0: Ball
1-0: Ground out 4-3 (Groundball, 4, EV 79.4 MPH)
Top of the 8th over - 1 run, 2 hits, 0 errors, 1 left on base; Reno 9 - Albuquerque 2
BOTTOM OF THE 8TH
Albuquerque Isotopes batting - Pitching for Reno Aces : RHP Chad Toms
Now in LF: Roberto Rodriguez
Now in CF: Jeff Densmore
Now in RF: Danny Gerardo
Batting: RHB Sadataka Kuwahara 0-0: Ball
1-0: Ball
2-0: Ball
3-0: Base on Balls
Batting: RHB Chris King 0-0: Called Strike
0-1: Foul Ball, location: 2F
0-2: Ball
1-2: Ball
2-2: Ball
3-2: SINGLE (Groundball, 34D, EV 101.9 MPH)
Sadataka Kuwahara to second
Runner from 2nd tries for 3rd, SAFE, throw by RF made to third
Batting: SHB Jamel Wright 0-0: Ball
1-0: Ball
2-0: Ball
3-0: Foul Ball, location: 2F
3-1: Base on Balls
Chris King to second
Batting: RHB Eddie McCoy 0-0: Swinging Strike
0-1: Ball
1-1: Foul Ball, location: 2F
1-2: Strikes out swinging
Batting: RHB Joe LaDue 0-0: Swinging Strike
0-1: Foul Ball, location: 2F
0-2: Ball
1-2: Fly out, F8 (Flyball, 8LD, EV 96.2 MPH)
Batting: LHB Pablo Cardona 0-0: Ball
1-0: Fielders Choice at 2nd, 6-4 (Groundball, 6, EV 85.0 MPH)
Bottom of the 8th over - 0 runs, 1 hit, 0 errors, 3 left on base; Reno 9 - Albuquerque 2
TOP OF THE 9TH
Reno Aces batting - Pitching for Albuquerque Isotopes : RHP Niclas Boman
Pitching: RHP Dan Landry
Batting: LHB Jeff Densmore 0-0: Foul Ball, location: 2F
0-1: Swinging Strike
0-2: Ball
1-2: Fly out, F7 (Flyball, 7, EV 86.2 MPH)
Batting: RHB Marlon Reda 0-0: Foul Ball, location: 2F
0-1: Foul Ball, location: 2F
0-2: Ball
1-2: Ball
2-2: Strikes out swinging
Batting: RHB Cesar Chavez 0-0: Ball
1-0: Ball
2-0: Foul Ball, location: 2F
2-1: Ball
3-1: Base on Balls
Batting: RHB Edgar Garcia 0-0: Swinging Strike
0-1: Ball
1-1: Ball
2-1: Foul Ball, location: 2F
2-2: Foul Ball, location: 2F
2-2: Strikes out swinging
Top of the 9th over - 0 runs, 0 hits, 0 errors, 1 left on base; Reno 9 - Albuquerque 2
BOTTOM OF THE 9TH
Albuquerque Isotopes batting - Pitching for Reno Aces : RHP Chad Toms
Batting: RHB Mike Ball 0-0: Swinging Strike
0-1: Ground out 4-3 (Groundball, 4, EV 95.0 MPH)
Batting: RHB Vinny Estrada 0-0: Called Strike
0-1: Ball
1-1: Foul Ball, location: 2F
1-2: Ball
2-2: Foul Ball, location: 2F
2-2: Ball
3-2: Base on Balls
Batting: LHB Alfredo de la Cruz 0-0: Called Strike
0-1: Ground out 6-3 (Groundball, 4MS, EV 68.1 MPH)
Vinny Estrada to second
Batting: RHB Sadataka Kuwahara 0-0: Ball
1-0: SINGLE (Groundball, 4D, EV 100.6 MPH)
Vinny Estrada to third
Batting: RHB Chris King 0-0: Ball
1-0: Foul Ball, location: 2F
1-1: Ball
2-1: Fielders Choice at 2nd, 6-4 (Groundball, 6, EV 85.6 MPH)
Bottom of the 9th over - 0 runs, 1 hit, 0 errors, 2 left on base; Reno 9 - Albuquerque 2
Tuesday, March 28th , 2023 - OOTP Baseball 23.10 Build 110